 Dungeon Crawl Stone Soup version 0.25-a0-510-ge065f6de7d (webtiles) character file.

Game seed: 2619124048174621498, levelgen mode: deterministic

97 Glundar the Magician (level 4, -8/32 HPs)
             Began as a Gnoll Wizard on Feb 15, 2020.
             Shot with an arrow by a centaur (11 damage)
             ... on level 3 of the Dungeon.
             The game lasted 00:25:36 (2963 turns).

Glundar the Magician (Gnoll Wizard)                 Turns: 2963, Time: 00:25:36

Health: -8/32      AC:  2    Str:  9    XL:     4   Next: 68%
Magic:  7/13       EV: 14    Int: 22    God:
Gold:   160        SH:  0    Dex: 13    Spells: 9/17 levels left

rFire    . . .     SeeInvis .   p - +0 halberd
rCold    . . .     Gourm    .   (shield currently unavailable)
rNeg     . . .     Faith    .   a - +0 robe
rPois    .         Spirit   .   b - +0 hat
rElec    .         Reflect  .   (no cloak)
rCorr    +         Harm     .   (no gloves)
MR       .....                  (no boots)
Stlth    +++.......             (no amulet)
HPRegen  0.10/turn              e - ring of resist corrosion
MPRegen  0.13/turn              (no ring)

@: no status effects
A: distributed training, fangs 1, strong nose
a: no special abilities


You were on level 3 of the Dungeon.
You were not hungry.

You visited 1 branch of the dungeon, and saw 3 of its levels.

You collected 160 gold pieces.

Inventory:

Hand Weapons
 p - a +0 halberd (weapon)
Missiles
 c - 46 sling bullets (quivered)
Armour
 a - a +0 robe (worn)
 b - a +0 hat (worn)
Jewellery
 e - a ring of resist corrosion (left hand)
Scrolls
 f - a scroll of amnesia {unknown}
 h - 3 scrolls of teleportation
 j - a scroll of enchant armour {unknown}
 k - a scroll of random uselessness {unknown}
 n - a scroll of fog {unknown}
 o - 2 scrolls of identify
Potions
 g - a potion of lignification
 i - a potion of brilliance {unknown}
 m - a potion of flight {unknown}
 q - 2 potions of resistance {unknown}
Comestibles
 d - 2 rations
 l - a chunk of flesh


   Skills:
 + Level 1.2 Fighting
 + Level 1.2 Short Blades
 + Level 1.2 Long Blades
 + Level 1.2 Axes
 + Level 1.2 Maces & Flails
 + Level 1.2 Polearms
 + Level 1.2 Staves
 + Level 1.2 Slings
 + Level 1.2 Bows
 + Level 1.2 Crossbows
 + Level 1.2 Throwing
 + Level 1.2 Armour
 + Level 4.6 Dodging
 + Level 4.3 Stealth
 + Level 1.2 Shields
 + Level 1.2 Unarmed Combat
 + Level 7.2 Spellcasting
 + Level 2.2 Conjurations
 + Level 1.0 Hexes
 + Level 1.0 Charms
 + Level 2.2 Summonings
 + Level 1.0 Necromancy
 + Level 2.2 Translocations
 + Level 1.0 Transmutations
 + Level 1.0 Fire Magic
 + Level 1.0 Ice Magic
 + Level 1.0 Air Magic
 + Level 1.0 Earth Magic
 + Level 1.0 Poison Magic
 + Level 1.3 Invocations
 + Level 1.2 Evocations


You had 9 spell levels left.
You knew the following spells:

 Your Spells              Type           Power        Failure   Level  Hunger
a - Magic Dart            Conj           ###.         3%          1    None
b - Call Imp              Summ           ###.....     4%          2    None
c - Blink                 Tloc           N/A          4%          2    None
d - Corona                Hex            ##.....      5%          1    None
e - Slow                  Hex            ##......     9%          2    None

Your spell library contained the following spells:

 Spells                   Type           Power        Failure   Level  Hunger
 Ensorcelled Hibernation  Hex/Ice        ##....       9%          2    None
 Conjure Flame            Conj/Fire      ###.....     12%         3    None
 Dazzling Flash           Conj/Hex       ###...       12%         3    None
 Mephitic Cloud           Conj/Pois/Air  ##......     14%         3    None
 Confusing Touch          Hex            ##......     16%         3    None
 Tukima's Dance           Hex            ##......     16%         3    None


Dungeon Overview and Level Annotations

Branches:
Dungeon (3/15)

Altars:
Wu Jian


Innate Abilities, Weirdness & Mutations

Your experience applies equally to all skills.
You have very sharp teeth.
Your uncanny sense of smell can sniff out nearby items.


Message History

The bat barely misses your crimson imp.
Casting: Call Imp (safe; 4% risk of failure)
Confirm with . or Enter, or press ? or * to list all spells.
You don't know that spell.
Casting: Call Imp (safe; 4% risk of failure)
Confirm with . or Enter, or press ? or * to list all spells.
A beastly little devil appears in a puff of flame.
The bat misses your crimson imp. x2
Your crimson imp blinks!
The centaur shoots an arrow.
The arrow misses you.
The centaur shoots an arrow.
The arrow closely misses you.
Casting: Call Imp (safe; 4% risk of failure)
Confirm with . or Enter, or press ? or * to list all spells.
A beastly little devil appears in a puff of frigid air.
The bat closely misses you.
The centaur shoots an arrow.
The arrow hits you!
* * * LOW HITPOINT WARNING * * *
Your crimson imp blinks!
Your crimson imp closely misses the bat.
The centaur shoots an arrow.
The arrow hits you!
You die...

.....###...........#.######
....§.5..(.........(.#
.............÷.....### ####
...................# #...
.......(...........# #...
.......#c.5........# #...
.......#..........)# #...
....../#..b........+ +...
....c..##.@........# #...
....... #...5......# #...
....... #....(.....# #...
####### ##...####### #...
#...# #... #...# .... #...#
.... #...# .... #...# ....


You could see a centaur, a bat, 2 friendly crimson imps and a friendly white
imp.

Vanquished Creatures
  2 adders (D:2)
  2 dart slugs
  2 leopard geckos (D:1)
  3 giant cockroaches
  4 goblins
  3 hobgoblins (D:2)
  4 jackals
  7 bats
  7 kobolds
  A leopard gecko zombie (D:3)
  7 rats
42 creatures vanquished.

Vanquished Creatures (collateral kills)
  4 gnolls (D:2)
  An adder (D:2)
  A dart slug (D:2)
  A bat (D:2)
  3 kobolds (D:2)
10 creatures vanquished.

Grand Total: 52 creatures vanquished

Notes
Turn   | Place    | Note
-------+----------+-------------------------------------------
     0 | D:1      | Glundar the Gnoll Wizard began the quest for the Orb.
     0 | D:1      | Reached XP level 1. HP: 13/13 MP: 8/8
   156 | D:1      | Reached XP level 2. HP: 19/19 MP: 3/10
   274 | D:1      | Learned a level 2 spell: Call Imp
   277 | D:1      | Learned a level 2 spell: Blink
  1179 | D:2      | Reached XP level 3. HP: 25/25 MP: 7/11
  1398 | D:2      | Found an ornate altar of the Wu Jian Council.
  1585 | D:2      | Reached skill level 1 in Invocations
  1666 | D:2      | Reached skill level 1 in Fighting
  1666 | D:2      | Reached skill level 1 in Short Blades
  1666 | D:2      | Reached skill level 1 in Long Blades
  1666 | D:2      | Reached skill level 1 in Axes
  1666 | D:2      | Reached skill level 1 in Maces & Flails
  1666 | D:2      | Reached skill level 1 in Polearms
  1666 | D:2      | Reached skill level 1 in Staves
  1666 | D:2      | Reached skill level 1 in Slings
  1666 | D:2      | Reached skill level 1 in Bows
  1666 | D:2      | Reached skill level 1 in Crossbows
  1666 | D:2      | Reached skill level 1 in Throwing
  1666 | D:2      | Reached skill level 1 in Armour
  1666 | D:2      | Reached skill level 1 in Shields
  1666 | D:2      | Reached skill level 1 in Unarmed Combat
  1666 | D:2      | Reached skill level 1 in Evocations
  1677 | D:2      | Reached XP level 4. HP: 32/32 MP: 7/13
  1689 | D:2      | Learned a level 1 spell: Corona
  1692 | D:2      | Learned a level 2 spell: Slow
  2745 | D:3      | Reached skill level 1 in Hexes
  2745 | D:3      | Reached skill level 1 in Charms
  2745 | D:3      | Reached skill level 1 in Necromancy
  2745 | D:3      | Reached skill level 1 in Transmutations
  2745 | D:3      | Reached skill level 1 in Fire Magic
  2745 | D:3      | Reached skill level 1 in Ice Magic
  2745 | D:3      | Reached skill level 1 in Air Magic
  2745 | D:3      | Reached skill level 1 in Earth Magic
  2745 | D:3      | Reached skill level 1 in Poison Magic
  2955 | D:3      | Noticed a centaur
  2963 | D:3      | Shot with an arrow by a centaur

Levels and vault maps discovered:
D:1:      dpeg_arrival_erosion, layout_basic
D:2:      layout_basic, overflow_temple_1_default
D:3:      layout_basic, serial_undead, serial_undead_d, serial_undead_b,
          serial_undead_e, serial_undead_c

Skill      XL: |  1  2  3  4 |
---------------+-------------+-----
Conjurations   | 2 |  2.2
Summonings     | 2 |  2.2
Translocations | 2 |  2.2
Invocations    | 1 |  1.3
Fighting       | 1 |  1.2
Short Blades   | 1 |  1.2
Long Blades    | 1 |  1.2
Axes           | 1 |  1.2
Maces & Flails | 1 |  1.2
Polearms       | 1 |  1.2
Staves         | 1 |  1.2
Slings         | 1 |  1.2
Bows           | 1 |  1.2
Crossbows      | 1 |  1.2
Throwing       | 1 |  1.2
Armour         | 1 |  1.2
Shields        | 1 |  1.2
Unarmed Combat | 1 |  1.2
Evocations     | 1 |  1.2
Hexes          | 1 |  1.0
Charms         | 1 |  1.0
Necromancy     | 1 |  1.0
Transmutations | 1 |  1.0
Fire Magic     | 1 |  1.0
Ice Magic      | 1 |  1.0
Air Magic      | 1 |  1.0
Earth Magic    | 1 |  1.0
Poison Magic   | 1 |  1.0
Dodging        | |  4.6
Stealth        | |  4.3
Spellcasting   | |  7.2

Action                   |  1- 3 |  4- 6 || total
-------------------------+-------+-------++-------
Melee: Dagger            |     3 |       ||     3
       Bite              |     1 |       ||     1
       Spear             |     6 |       ||     6
       Halberd           |     1 |     5 ||     6
 Cast: Magic Dart        |    56 |    30 ||    86
       Call Imp          |    19 |    10 ||    29
       Blink             |     1 |       ||     1
  Use: Scroll            |       |     3 ||     3
 Stab: Distracted        |     1 |     1 ||     2
  Eat: Chunk             |     2 |     2 ||     4
       Ration            |       |     1 ||     1
Armor: Robe              |     1 |     1 ||     2
Dodge: Dodged            |    11 |    12 ||    23

Table legend:
 A = Non-vault XP
 B = Vault XP
 C = Vault XP percentage of total XP
 D = Non-vault monster count
 E = Vault monster count
 F = Vault count percentage of total count
                 A         B        C        D         E       F
            +---------+---------+-------+---------+---------+-------
      Total |     138 |       1 |   0.7 |      51 |       1 |   1.9
            +---------+---------+-------+---------+---------+-------
        D:1 |      31 |       0 |   0.0 |      16 |       0 |   0.0
        D:2 |     101 |       0 |   0.0 |      30 |       0 |   0.0
        D:3 |       6 |       1 |  14.3 |       5 |       1 |  16.7
            +---------+---------+-------+---------+---------+-------
